AoeStats
← SobieskiReborn

Pilgrims

507725454Analyzed
4v4 RM · 13d ago on Sep 19, 2026· 43m 45s· 8 players
Game mode
Random Map
Map size
Large (8 player)
Population
200
Speed
Normal
Resources
Standard
Victory
Conquest
Starting age
Dark Age
Ending age
Imperial Age
RankedLock teamsTeams togetherTeam positionsShared explorationLock speedFull tech treeHidden civsTurbo modeCheats
Victory
Defeat
🇮🇹 Ethiopians · Italy
690
+16
🇫🇷 Japanese · France
674
+16
🇨🇳 Turks · China
629
+18
🇨🇿 Georgians · Czechia
603
+20
🇦🇺 Britons · Australia
711
-19
🇭🇰 Vikings · Hong Kong SAR China
699
-18
699
-18
🇨🇳 Saracens · China
622
-15
Blitzo
6:03 Loom
13:16 Feudal Age
14:07 Horse Collar
14:16 Double-Bit Axe
14:36 Fishing Lines
17:14 Gold Mining
20:24 Castle Age
19:49 Bloodlines
22:02 Wheelbarrow
22:23 Town Watch
23:43 Husbandry
23:45 Heavy Plow
24:20 Forging
24:15 Scale Barding Armor
26:18 Bow Saw
25:58 Stone Mining
27:26 Gillnets
30:00 Hand Cart
30:26 Iron Casting
30:34 Light Cavalry
32:23 Chain Barding Armor
33:07 Svan Towers
33:36 Medium Warships
38:49 Imperial Age
40:31 Blast Furnace
40:51 Conscription
40:09 Elite Monaspa
40:19 Elite Monaspa
42:32 Plate Barding Armor
43:17 Heavy Warships
Point and Click
9:05 Loom
12:28 Feudal Age
12:41 Man-at-Arms
13:39 Town Watch
15:18 Double-Bit Axe
15:15 Horse Collar
22:23 Arson
23:19 Fletching
23:40 Forging
27:42 Castle Age
29:02 Long Swordsman
32:40 Bodkin Arrow
36:25 Imperial Age
38:08 Town Patrol
37:51 Two-Handed Swordsman
Filippo E R
7:22 Loom
12:18 Feudal Age
16:05 Fletching
16:46 Padded Archer Armor
19:16 Castle Age
18:34 Double-Bit Axe
18:31 Fishing Lines
19:19 Crossbowman
20:07 Thumb Ring
20:14 Bodkin Arrow
24:27 Ballistics
28:34 Wheelbarrow
27:50 Town Watch
31:04 Horse Collar
31:41 Bow Saw
31:27 Gillnets
35:39 Imperial Age
35:49 Leather Archer Armor
36:19 Hand Cart
38:02 Onager
39:48 Siege Engineers
暴雨天见面
12:20 Feudal Age
19:00 Castle Age
20:02 Forging
19:53 Scale Mail Armor
34:01 Stone Mining
35:50 Double-Bit Axe
43:11 Fishing Lines
SobieskiReborn
12:08 Feudal Age
10:26 Loom
15:36 Double-Bit Axe
18:49 Fishing Lines
20:24 Fletching
23:40 Castle Age
22:45 Padded Archer Armor
24:16 Crossbowman
24:56 Bodkin Arrow
25:58 Leather Archer Armor
30:04 Ballistics
手柄从入土到入土
9:54 Loom
14:05 Feudal Age
14:42 Gold Mining
15:05 Double-Bit Axe
15:24 Man-at-Arms
16:43 Scale Mail Armor
18:32 Wheelbarrow
18:28 Forging
19:00 Forging
20:04 Town Watch
23:37 Castle Age
22:03 Stone Mining
25:02 Gold Shaft Mining
24:58 Forging
25:04 Chain Mail Armor
24:57 Long Swordsman
25:42 Squires
26:29 Iron Casting
26:19 Gambesons
1778984474
9:04 Loom
15:45 Feudal Age
18:48 Double-Bit Axe
18:45 Horse Collar
19:27 Man-at-Arms
20:19 Scale Mail Armor
23:33 Fletching
23:44 Padded Archer Armor
23:39 Gold Mining
27:32 Castle Age
27:34 Elite Skirmisher
28:11 Bodkin Arrow
27:47 Long Swordsman
28:13 Gambesons
28:29 Squires
28:57 Bow Saw
28:48 Heavy Plow
HBNUVHTFGHYHUGY
13:53 Feudal Age
18:43 Castle Age
17:43 Wheelbarrow
17:54 Horse Collar
18:14 Double-Bit Axe
24:33 Heavy Plow
28:16 Gold Mining
28:16 Stone Mining
31:09 Hand Cart
31:55 Gold Shaft Mining
32:02 Bow Saw
31:56 Loom
35:09 Imperial Age
38:48 Elite Mameluke
Connection lost

Rejoining the realm…

Still unreachable

The connection could not be restored.

Session expired

The server has moved on; the page needs a fresh start.